 Dungeon Crawl Stone Soup version bcrawl-1.27.3 (webtiles) character file.

Game seed: 12082907928050046389

372698 MisterOstroum the Cleaver (level 9, -5/102 HPs)
             Began as a Demonspawn Berserker on Sept 7, 2020.
             Was an Elder of Trog.
             Slain by a death yak (22 damage)
             ... on level 7 of the Dungeon.
             The game lasted 00:09:51 (5184 turns).

MisterOstroum the Cleaver (Demonspawn Berserker)    Turns: 5184, Time: 00:09:51

Health: -5/102     AC: 14    Str: 26    XL:     9   Next: 70%
Magic:  9/9        EV:  7    Int:  9    God:    Trog [****..]
Gold:   153        SH:  4    Dex: 12    Spells: 8/8 levels left

rFire    . . .     SeeInvis .   a - +0 war axe
rCold    . . .     Gourm    .   E - +0 buckler
rNeg     . . .     Faith    .   v - +0 chain mail {rPois}
rPois    +         Spirit   .   (no helmet)
rElec    .         Reflect  .   (no cloak)
rCorr    .         Harm     .   p - +0 pair of gloves
MR       +++..                  (no boots)
Stlth    ..........             (no amulet)
HPRegen  1.27/turn              m - ring of protection from magic
MPRegen  0.11/turn              (no ring)

@: berserking, regenerating, lightly drained, very quick
A: claws 1, iridescent scales 2, spiny 1, rot immunity
a: Berserk, Trog's Hand, Brothers in Arms, Renounce Religion


You were on level 7 of the Dungeon.
You worshipped Trog.
Trog was greatly pleased with you.
You were hungry.

You visited 1 branch of the dungeon, and saw 8 of its levels.

You collected 315 gold pieces.
You spent 162 gold pieces at shops.

Inventory:

Hand Weapons
 a - a +0 war axe (weapon)
 b - a +0 hunting sling
Missiles
 c - 47 steel javelins
 i - 2323 stones
 k - 504 sling bullets
 l - 897 arrows
 u - 419 bolts
 G - 132 poisoned tomahawks (quivered)
 N - a throwing net {=f!f}
 O - 26 needles of frenzy {=f}
Armour
 p - a +0 pair of gloves (worn)
 v - a +0 chain mail of poison resistance (worn)
 C - a +0 cloak
 E - a +0 buckler (worn)
Jewellery
 m - a ring of protection from magic (left hand)
Wands
 x - a wand of digging (12)
 B - a wand of iceblast (5)
Scrolls
 g - 2 scrolls of teleportation {unknown}
 h - a scroll of fog {unknown}
 q - 4 scrolls of enchant weapon {unknown}
 r - 8 scrolls of remove curse {unknown}
 s - 4 scrolls of fear {!r}
 w - 9 scrolls of identify {@r1}
 y - a scroll of magic mapping {unknown}
 z - 2 scrolls of noise {unknown}
 A - a scroll of blinking {unknown}
 I - a scroll of amnesia {unknown}
 J - 2 scrolls of enchant armour {unknown}
Potions
 d - 5 potions of haste {@q4 !q}
 f - 2 potions of magic {unknown}
 j - 2 potions of flight
 n - 3 potions of berserk rage
 o - a potion of lignification {unknown}
 t - a potion of curing {unknown}
 D - a potion of cancellation {unknown}
 F - a potion of agility {unknown}
 H - a potion of heal wounds {unknown}
 K - a potion of resistance {unknown}
 L - 2 potions of mutation {unknown}
 M - a potion of might {unknown}
Comestibles
 e - 12 rations {!d}


   Skills:
 - Level 5.0(4.6) Fighting
 * Level 9.6(9.2) Axes
 - Level 6.1(5.7) Slings
 - Level 5.0(4.6) Armour
 - Level 1.7(1.4) Dodging


You had 8 spell levels left.
You didn't know any spells.
Your spell library was empty.

Dungeon Overview and Level Annotations

Branches:
Dungeon (8/12)             Temple (0/1) D:4            Lair (0/6) D:8
    Orc: D:8-11

Altars:
Fedhas
Makhleb
Nemelex Xobeh
Okawaru
Sif Muna
Wu Jian
The Shining One

Shops:
D:4 *   D:6 [

Annotations:
D:5 exclusion: door


Innate Abilities, Weirdness & Mutations

You have sharp fingernails.
You are mostly covered in iridescent scales. (AC +4)
You are partially covered in sharp spines.
You are immune to rotting.


Message History

There is an escape hatch in the ceiling here.
Done exploring.
Done exploring.
Done exploring.
No target in view!
Search for what [Enter for "."]? .
Unknown command.
There is an escape hatch in the ceiling here.
You open the door.
There is an open door here.
As you open the door, it creaks loudly!
There is an open door here.
Some of the chunks of flesh in your inventory have rotted away.
There is an open door here.
All of the chunks of flesh in your inventory have rotted away.
There is a stone staircase leading up here.
You climb upwards.
Found 26 needles of frenzy.
Found a shimmering blue altar of Sif Muna.
There is a stone staircase leading down here.
N - a throwing net {=f!f}
e - 12 rations {!d} (gained 1)
There is a blossoming altar of Fedhas here.
You see here a short sword.
There is a burning altar of Makhleb here.
You see here 26 needles of frenzy {=f}.
There is an ornate altar of the Wu Jian Council here.
Done exploring.
Done exploring.
You see here 26 needles of frenzy {=f}.
O - 26 needles of frenzy {=f}
(D) Dungeon (T) Temple
Where to? (Enter - D:7 @ (x,y), ? - help)
There is a stone staircase leading down here.
You climb downwards.
There is a stone staircase leading up here.
Done exploring.
(D) Dungeon (T) Temple
Where to? (Enter - D:7, ? - help)
You open the door.
There is an open door here.
There is a stone staircase leading down here.
You climb downwards.
A death yak comes into view.
You have encountered a dangerous foe!
The death yak bellows!
You hear a bellow!
Found a staircase to the Lair.
There is a stone staircase leading up here.
No path to travel!
Okay, then. 3 rats, a hell rat, a quokka and 2 death yaks come into view.
You have encountered a dangerous foe!
The death yak bellows!
The hell rat roars deafeningly!
A river rat comes into view.
A rat comes into view.
The rat moves out of view.
A porcupine comes into view.
The porcupine moves out of view.
You open the door.
A gnoll shaman comes into view. It is wielding a +0 club.
An orc priest comes into view. It is wielding a +0 flail.
A gnoll comes into view. It is wielding a +0 club.
The gnoll shouts!
The orc priest shouts!
You hear a shout! x2
A gnoll comes into view. It is wielding a +0 spear.
A gnoll comes into view.
You hear a bark!
There is an open door here.
The death yak gores you but does no damage.
The hell rat barely misses you.
There is a stone staircase leading up here.
The death yak snorts and paws the ground.
The orc priest calls down the wrath of Beogh upon you.
You easily resist.
The hell rat bites you. The death yak gores you!
You climb upwards.
There is a stone staircase leading down here.
Okay, then.
You slash the death yak!
The death yak is lightly wounded.
Your chain mail prevents you from hitting the hell rat.
The hell rat is struck by your spines. The hell rat bites you!
You feel drained.
The death yak gores you but does no damage.
The hell rat is struck by your spines. The hell rat barely misses you.
The hell rat closely misses you.
The hell rat twitches its whiskers.
Your skin crawls.
You feel resistant to hostile enchantments.
You are feeling hungry.
The death yak gores you!
A red film seems to cover your vision as you go berserk!
You feel yourself moving faster!
You feel mighty!
You feel quite a bit more hungry. The death yak gores you!
* * * LOW HITPOINT WARNING * * *
You hit the death yak but do no damage.
The death yak is lightly wounded.
The death yak gores you!
* * * LOW HITPOINT WARNING * * *
You slash the death yak!
The death yak is moderately wounded.
The death yak is struck by your spines. The death yak gores you!!
You die...

#.# #........# ##.#
#.######.#
.#.######.######.#
.#.##..<......##.#
......###.###.##.#
....### #........###
.....# ##.........#
#...## #..#.##.#.#
##.## #..#.##@#.#
#.# #..#.##Y#.# #.#
#..#..#r#.# ##'##
#.......#.# #...##
#...#.#.#.# .....##
#.......#.# ......##
#.........#
.......####......###
.......'.....>.###


You could see a death yak and a hell rat.

Vanquished Creatures
  Pikel (D:4)
  A hornet (D:7)
  Sigmund (D:2)
  Eustachio (D:4)
  A hungry ghost (D:7)
  Edmund (D:4)
  3 slaves (D:4)
  4 sky beasts
  4 phantoms
  An orc warrior (D:6)
  An ogre (D:5)
  A big kobold (D:6)
  5 bullfrogs
  Blork the orc (D:4)
  A scorpion (D:6)
  A centaur skeleton (D:7)
  3 orc priests
  A hound (D:4)
  3 orc wizards
  2 bullfrog skeletons (D:6)
  2 iguanas
  5 worker ants
  A hound skeleton (D:2)
  10 adders
  An ooze (D:3)
  3 worms
  3 dart slugs
  9 leopard geckos
  16 orcs
  4 giant cockroaches
  4 goblins
  8 hobgoblins
  4 jackals (D:3)
  4 quokkas
  A ball python (D:1)
  A bat (D:1)
  20 kobolds
  A quokka zombie (D:6)
  4 rats
138 creatures vanquished.

Vanquished Creatures (others)
  A slave (D:4)
1 creature vanquished.

Grand Total: 139 creatures vanquished

Notes
Turn   | Place    | Note
-------+----------+-------------------------------------------
     0 | D:1      | MisterOstroum the Demonspawn Berserker began the quest for
                  | the Orb.
     0 | D:1      | Reached XP level 1. HP: 18/18 MP: 1/1
    32 | D:1      | Reached skill level 3 in Axes
   118 | D:1      | Gained mutation: You are partially covered in sharp spines.
                  | [demonic ancestry]
   118 | D:1      | Reached XP level 2. HP: 21/24 MP: 2/2
   671 | D:2      | Reached skill level 4 in Axes
   671 | D:2      | Gained mutation: You are partially covered in iridescent
                  | scales. (AC +2) [demonic ancestry]
   671 | D:2      | Reached XP level 3. HP: 24/29 MP: 3/3
   674 | D:2      | Reached ** piety under Trog
   868 | D:2      | Reached XP level 4. HP: 35/35 MP: 4/4
   884 | D:2      | Noticed Sigmund
   896 | D:2      | Killed Sigmund
   896 | D:2      | Gained mutation: You are mostly covered in iridescent
                  | scales. (AC +4) [demonic ancestry]
   896 | D:2      | Reached XP level 5. HP: 41/41 MP: 5/5
   916 | D:2      | Found an iron altar of Okawaru.
  1251 | D:3      | Gained mutation: You are immune to rotting. [demonic
                  | ancestry]
  1251 | D:3      | Reached XP level 6. HP: 47/47 MP: 6/6
  1656 | D:3      | Found a glowing golden altar of the Shining One.
  1930 | D:3      | Reached *** piety under Trog
  2045 | D:4      | Noticed Edmund
  2055 | D:4      | Noticed Eustachio
  2058 | D:4      | Killed Edmund
  2058 | D:4      | Reached skill level 5 in Axes
  2058 | D:4      | Reached XP level 7. HP: 52/52 MP: 7/7
  2259 | D:4      | Noticed Blork the orc
  2267 | D:4      | Killed Blork the orc
  2267 | D:4      | Reached skill level 5 in Slings
  2460 | D:4      | Noticed Pikel
  2471 | D:4      | Killed Pikel
  2471 | D:4      | Reached skill level 6 in Axes
  2471 | D:4      | Reached XP level 8. HP: 61/61 MP: 8/8
  2515 | D:4      | Found Bamaf's Assorted Antiques.
  2525 | D:4      | Bought a buckler for 135 gold pieces
  2525 | D:4      | Bought a fuming red potion for 27 gold pieces
  2628 | D:4      | Found a staircase to the Ecumenical Temple.
  2713 | D:4      | Killed Eustachio
  2732 | D:5      | Entered Level 5 of the Dungeon
  3094 | D:5      | Noticed a slime creature
  3220 | D:5      | Found a sparkling altar of Nemelex Xobeh.
  3335 | D:6      | Found Sicvas's Armour Boutique.
  3352 | D:6      | Reached skill level 5 in Fighting
  3352 | D:6      | Reached skill level 7 in Axes
  3425 | D:6      | Found a burning altar of Makhleb.
  3550 | D:6      | Gained mutation: You have sharp fingernails. [demonic
                  | ancestry]
  3550 | D:6      | Reached XP level 9. HP: 66/68 MP: 9/9
  3625 | D:6      | Found a blossoming altar of Fedhas.
  3704 | D:6      | Reached **** piety under Trog
  3989 | D:6      | Reached skill level 8 in Axes
  4090 | D:6      | Found an ornate altar of the Wu Jian Council.
  4336 | D:7      | Reached skill level 5 in Armour
  4709 | D:7      | Reached skill level 9 in Axes
  5121 | D:6      | Found a shimmering blue altar of Sif Muna.
  5164 | D:8      | Found a staircase to the Lair.
  5164 | D:8      | Noticed a death yak
  5165 | D:8      | Noticed a death yak
  5165 | D:8      | Noticed a death yak
  5184 | D:7      | Slain by a death yak

Skill      XL: |  1  2  3  4  5  6  7  8  9 |
---------------+----------------------------+-----
Axes           | 3 4 5 6 7 9 |  9.6
Slings         | 3 4 5 6 |  6.1
Armour         | 2 3 4 5 |  5.0
Fighting       | 4 5 |  5.0
Dodging        | |  1.7

Action                   |  1- 3 |  4- 6 |  7- 9 || total
-------------------------+-------+-------+-------++-------
Melee: Hand axe          |    41 |    87 |    21 ||   149
       War axe           |       |       |   211 ||   211
 Fire: Hunting sling     |    52 |    24 |     3 ||    79
Throw: Tomahawk          |       |       |     4 ||     4
       Stone             |       |       |     3 ||     3
Invok: Berserk           |     2 |     2 |     4 ||     8
       Trog's Hand       |       |     1 |     2 ||     3
  Use: Scroll            |       |     5 |       ||     5
 Stab: Sleeping          |     1 |       |       ||     1
  Eat: Chunk             |     5 |     7 |    17 ||    29
       Ration            |       |       |     2 ||     2
Armor: Animal skin       |     9 |       |       ||     9
       Chain mail        |       |    36 |   122 ||   158
Dodge: Dodged            |    32 |    27 |    81 ||   140
Block: Buckler           |       |       |    33 ||    33
